 Dungeon Crawl Stone Soup version 0.31.0-7-gf635a9b802 (webtiles) character file.

Game seed: 15699852427581137093

6188 Aneyh the Fighter (level 10, -2/66 HPs)
             Began as a Tengu Monk on Jan 24, 2024.
             Was an Elder of Hepliaklqana.
             Slain by an orc warrior
             ... wielding a +1 glaive of freezing
              (4 damage)
             ... on level 9 of the Dungeon.
             The game lasted 00:30:32 (7261 turns).

Aneyh the Fighter (Tengu Monk)                      Turns: 7261, Time: 00:30:32

Health: -2/66      AC:  8    Str: 14    XL:     10   Next: 91%
Magic:  8/11       EV: 16    Int: 12    God:    Hepliaklqana [****..]
Gold:   300        SH:  0    Dex: 17    Spells: 2/9 levels left

rFire   . . .        a - +1 dire flail (protect)
rCold   . . .        (shield currently unavailable)
rNeg    . . .        o - +3 ring mail
rPois   .            (helmet restricted)
rElec   .            (no cloak)
rCorr   .            (no gloves)
SInv    .            (boots unavailable)
Will    .....        l - amulet of regeneration
Stlth   +            A - ring of wizardry
HPRegen 1.11/turn    (no ring)
MPRegen 0.12/turn

%: acrobat, wizardry (x1)
@: weak-willed, flying
A: reduced essence, beak, talons 3, evasive flight, acrobatic
a: Renounce Religion, Recall Ancestor, Ancestor Identity, Transference, Idealise


You were on level 9 of the Dungeon.
You worshipped Hepliaklqana.
Hepliaklqana was greatly pleased with you.
You visited 1 branch of the dungeon, and saw 9 of its levels.
You also visited: Bailey.

You collected 300 gold pieces.

Inventory:

Hand Weapons
 a - a +1 dire flail of protection (weapon)
 b - a +3 antimagic lajatang
 w - a +1 falchion of holy wrath
 C - a +0 halberd
 E - the +7 great sword "Veteg" {flame, rElec rCorr}
   (You acquired it in a bailey)

   rElec:     It insulates you from electricity.
   rCorr:     It protects you from acid and corrosion.
 F - a +0 trident
 J - a +2 mace of holy wrath
 L - a +0 war axe
 M - a +0 orcbow
 N - a +3 dire flail of freezing
 P - a +5 halberd
 Q - a +2 halberd of electrocution
 R - a +4 trident
Missiles
 h - a throwing net
 j - 13 poisoned darts
 v - 17 boomerangs
Armour
 g - a +2 leather armour of positive energy
 k - a scarf of harm
 o - a +3 ring mail (worn)
Magical Staves
 n - a staff of conjuration
Jewellery
 l - an amulet of regeneration (around neck)
 A - a ring of wizardry (left hand)
Wands
 m - a wand of flame (70)
 x - a wand of paralysis (24)
Scrolls
 p - 3 scrolls of enchant armour
 q - 4 scrolls of poison
 u - a scroll of silence {unknown}
 y - a scroll of fog {unknown}
 H - 2 scrolls of revelation
 K - a scroll of teleportation
 T - a scroll of amnesia {unknown}
Potions
 c - 5 potions of heal wounds {unknown}
 d - 5 potions of cancellation {unknown}
 f - a potion of magic {unknown}
 i - a potion of brilliance {unknown}
 s - a potion of curing {unknown}
 t - 3 potions of resistance
 z - 3 potions of mutation {unknown}
 B - a potion of berserk rage {unknown}
 D - 8 potions of haste
 G - a potion of lignification {unknown}
 I - 4 potions of invisibility {unknown}
 O - a potion of enlightenment {unknown}
 S - 2 potions of might {unknown}


   Skills:
 * Level 13.7 Fighting
 - Level 6.0 Maces & Flails
 - Level 2.0 Armour
 - Level 4.0 Dodging
 + Level 8.2 Summonings


You had 2 spell levels left.
You knew the following spells:

 Your Spells              Type           Power      Damage    Failure   Level
a - Call Canine Familiar  Summ           19%        N/A       2%          3
b - Summon Blazeheart Go  Fire/Summ      9%         N/A       43%         4

Your spell library contained the following spells:

 Spells                   Type           Power      Damage    Failure   Level
 Summon Small Mammal      Summ           76%        N/A       1%          1
 Kiss of Death            Conj/Necr      0%         2d5       26%         1
 Ensorcelled Hibernation  Hex/Ice        0%         N/A       36%         2
 Animate Armour           Summ/Erth      18%        N/A       43%         4
 Confusing Touch          Hex            0%         N/A       58%         3
 Passwall                 Erth           0%         N/A       58%         3
 Stone Arrow              Conj/Erth      0%         3d7       58%         3
 Swiftness                Air            0%         N/A       58%         3
 Dispel Undead            Necr           0%         3d6       92%         4
 Lehudib's Crystal Spear  Conj/Erth      0%         10d2      100%        8


Dungeon Overview and Level Annotations

Branches:
Dungeon (9/15)             Temple (0/1) D:6            Lair (0/5) D:9
 Bailey (visited)
    Orc: D:9-12

Altars:
Cheibriados
Dithmenos
Fedhas
Gozag
Hepliaklqana
Makhleb
Nemelex Xobeh
Okawaru
Uskayaw
Vehumet
Wu Jian
The Shining One

Annotations:
D:6 2 runed translucent doors, yey's ghost, novice MiBe


Innate Abilities, Weirdness & Mutations

Your life essence is reduced to manifest your ancestor. (-10% HP)
You have a beak for a mouth.
You have claws for feet.
Your magical flight helps you evade attacks. (EV +4)
You can magically evade attacks while moving or waiting.


Message History

The gnoll moves out of view.
D - 8 potions of haste (gained 1)
You feel a bit more experienced.
The centaur zaps a wand.
The roots erupt in riotous growth!
The grasping roots grab you! The grasping roots constrict you.
You escape the roots grasp.
The centaur shoots an arrow.
The arrow hits you.
The centaur zaps a wand.
The roots erupt in riotous growth!
The grasping roots grab you! The grasping roots constrict you.
You escape the roots grasp.
Found the +16 obsidian axe {drain, demonic, Mesm ^Drain Fly SInv}.
The centaur shoots an arrow.
The arrow misses you.
You feel a bit more experienced.
The centaur zaps a wand.
The roots erupt in riotous growth!
The grasping roots grab you! The grasping roots constrict you.
The centaur shoots an arrow.
The arrow hits you. The grasping roots constrict you.
The gnoll throws a throwing net.
The throwing net hits you.
You become entangled in the net!
You hear a shout!
You see here a throwing net.
You struggle against the net.
The grasping roots constrict you.
You tear a large gash into the net.
The centaur shoots an arrow.
The arrow hits you! The grasping roots constrict you.
The centaur shoots an arrow.
The arrow hits you but does no damage. The grasping roots constrict you.
The grasping roots release their grip on you.
You struggle against the net.
The centaur shoots an arrow.
The arrow barely misses you.
The orc warrior hits you from afar with a +1 glaive of freezing!
* * * LOW HITPOINT WARNING * * *
The orc warrior freezes you.
* * * LOW HITPOINT WARNING * * *
You shred the net and break free!
The centaur shoots an arrow.
The arrow hits you!
* * * LOW HITPOINT WARNING * * *
The centaur shoots an arrow.
The arrow hits you but does no damage.
The orc warrior hits you from afar with a +1 glaive of freezing.
You die...

********* **,,,,*,,,,,,,*
*,,,..,,** ##...,.......*
,,.,..##.###...##.......* ****
,,,.##...##..#..#..#....* **,,,
,.##.....##.###...###.).* **,,,,
##...##..##..#..#..#....* *,,,,,
.....................#*** *,,,,,
...##...............#*******,,,>,
............g.o.@...#**,,,,,,,,,,
..#........g............***,,,,,,
#......g#...........##..,,,,,,,,,
#.......#....c.........*****,,,**
.....o..###.Y.[[##..##..,**,,,,,,
....g.######).........,.,,,,,,,,,
......#..Y.†...####.#..,,,,,,,,,,
#..#....####...#*#...b.,*,,,,,,,,
.........##.†#.#.....,,,,,,,,,,,,


You could see a death yak, an orc warrior, a centaur and 2 gnolls.

Vanquished Creatures
  Grinder (D:3)
  A shadow (D:7)
  3 nameless horrors
  10 yaks
  Menkaure (D:4)
  2 black bears
  5 orc warriors
  An ice beast (D:7)
  2 sky beasts (D:8)
  2 ogres
  A centaur (D:9)
  A phantom (D:5)
  2 bullfrogs
  4 scorpions
  A wight (D:7)
  2 killer bees
  A howler monkey (D:4)
  A hound (D:5)
  3 orc priests
  5 jellies
  2 sleepcaps
  An iguana (D:5)
  2 orc wizards
  6 gnolls
  3 adders
  2 shadow imps (D:7)
  2 white imps
  3 ufetubi (D:6)
  2 ribbon worms
  3 dart slugs
  37 orcs
  2 bats
  12 endoplasms
  A giant cockroach (D:4)
  16 goblins
  7 hobgoblins
  6 jackals (D:2)
  18 kobolds
  2 quokkas (D:2)
  4 ball pythons
  6 frilled lizards
  6 rats
192 creatures vanquished.

Vanquished Creatures (collateral kills)
  2 yaks
  Edmund (D:4)
  An ice beast (D:6)
  2 orc warriors
  2 centaurs (D:7)
  A phantom (D:5)
  A bullfrog (D:7)
  A gnoll sergeant (D:7)
  2 wights (D:7)
  8 killer bees
  A howler monkey (D:6)
  A jelly (D:5)
  A bombardier beetle (D:5)
  A hound (D:7)
  A sleepcap (D:6)
  4 orc wizards
  Terence (D:3)
  Robin (D:3)
  5 gnolls
  A shadow imp (D:7)
  An ufetubus (D:6)
  7 orcs
46 creatures vanquished.

Vanquished Creatures (others)
  5 hexers
  2 blazeheart cores (D:9)
7 creatures vanquished.

Grand Total: 245 creatures vanquished

Notes
Turn   | Place    | Note
-------+----------+-------------------------------------------
     0 | D:1      | Aneyh the Tengu Monk began the quest for the Orb.
     0 | D:1      | Reached XP level 1. HP: 14/14 MP: 2/2
   174 | D:1      | Reached XP level 2. HP: 19/19 MP: 3/3
   583 | D:2      | Reached XP level 3. HP: 22/23 MP: 4/4
   851 | D:2      | Reached skill level 5 in Maces & Flails
  1082 | D:2      | Reached XP level 4. HP: 28/28 MP: 5/5
  1407 | D:3      | Found a glowing golden altar of the Shining One.
  1473 | D:3      | Noticed Robin
  1474 | D:3      | Noticed Grinder
  1482 | D:3      | Paralysed by Grinder for 4 turns
  1656 | D:4      | Noticed a scorpion
  1668 | D:4      | Killed a scorpion
  1669 | D:4      | Reached XP level 5. HP: 14/32 MP: 6/6
  1836 | D:4      | Learned a level 3 spell: Call Canine Familiar
  1838 | D:4      | Noticed Menkaure
  1838 | D:4      | Noticed a black bear
  1898 | D:3      | Noticed a +0 hand axe
  1898 | D:3      | Noticed a +0 hand axe
  1945 | D:3      | Found a hide-covered altar of Uskayaw.
  2136 | D:3      | Found a hazy altar of Hepliaklqana.
  2136 | D:3      | Found an opulent altar of Gozag.
  2136 | D:3      | Found a burning altar of Makhleb.
  2136 | D:3      | Found an iron altar of Okawaru.
  2136 | D:3      | Found an ornate altar of the Wu Jian Council.
  2136 | D:3      | Found a snail-covered altar of Cheibriados.
  2145 | D:3      | Reached skill level 4 in Fighting
  2145 | D:3      | Reached XP level 6. HP: 31/38 MP: 7/7
  2149 | D:3      | Reached skill level 1 in Summonings
  2192 | D:3      | Became a worshipper of Hepliaklqana the Forgotten
  2192 | D:3      | Reached * piety under Hepliaklqana
  2192 | D:3      | Reached ** piety under Hepliaklqana
  2193 | D:3      | Remembered your ancestor Xiuhtonal as a hexer
  2287 | D:3      | Noticed Terence
  2289 | D:3      | Noticed a nameless horror
  2301 | D:3      | Killed a nameless horror
  2304 | D:3      | Killed Terence
  2436 | D:3      | Noticed a nameless horror
  2441 | D:3      | Killed a nameless horror
  2448 | D:3      | Killed Robin
  2532 | D:3      | Killed Grinder
  2533 | D:3      | Reached skill level 5 in Fighting
  2533 | D:3      | Gained mutation: Your magical flight helps you evade
                  | attacks. (EV +4) [Tengu growth]
  2533 | D:3      | Reached XP level 7. HP: 30/39 MP: 8/8
  2664 | D:4      | Noticed Edmund
  2677 | D:4      | Killed Edmund
  2678 | D:4      | Reached skill level 1 in Armour
  2762 | D:4      | Reached skill level 6 in Fighting
  2885 | D:4      | Killed Menkaure
  2886 | D:4      | Reached skill level 7 in Fighting
  2886 | D:4      | Reached XP level 8. HP: 47/47 MP: 9/9
  2901 | D:5      | Entered Level 5 of the Dungeon
  3107 | D:5      | Reached skill level 8 in Fighting
  3266 | D:5      | Reached skill level 9 in Fighting
  3733 | D:6      | Found a runed translucent door.
  3734 | D:6      | Noticed yey's ghost (novice MiBe)
  3736 | D:6      | Found a blossoming altar of Fedhas.
  3763 | D:6      | Found a staircase to the Ecumenical Temple.
  3783 | D:6      | Reached XP level 9. HP: 34/54 MP: 7/10
  4052 | D:6      | Found a runed translucent door.
  4117 | D:6      | Found a radiant altar of Vehumet.
  4273 | D:6      | Reached *** piety under Hepliaklqana
  4514 | D:7      | Reached skill level 10 in Fighting
  4548 | D:7      | Reached skill level 5 in Summonings
  4703 | D:7      | Reached skill level 11 in Fighting
  4834 | D:7      | Found a shadowy altar of Dithmenos.
  4853 | D:7      | Found a flagged portal.
  4881 | Bailey   | Entered a bailey
  5210 | Bailey   | Identified 2 scrolls of acquirement
  5210 | Bailey   | Acquired a +3 antimagic lajatang
  5213 | Bailey   | Acquired the +7 great sword "Veteg" {flame, rElec rCorr}
  5783 | D:7      | Learned a level 4 spell: Summon Blazeheart Golem
  5886 | D:7      | Reached XP level 10. HP: 61/63 MP: 7/11
  5887 | D:7      | Reached skill level 12 in Fighting
  6290 | D:8      | Reached **** piety under Hepliaklqana
  6747 | D:8      | Found a sparkling altar of Nemelex Xobeh.
  7178 | D:9      | Reached skill level 13 in Fighting
  7191 | D:9      | Noticed a death yak
  7197 | D:9      | Noticed a death yak
  7203 | D:9      | Noticed a death yak
  7256 | D:9      | Found the +16 obsidian axe {drain, demonic, Mesm ^Drain Fly
                  | SInv}
  7261 | D:9      | HP: 2/66 [centaur/arrow (9)]
  7261 | D:9      | Slain by an orc warrior

Illustrated notes

Levels and vault maps discovered:
D:1:      amcnicky_arrival_single_pillar, layout_rooms, nicolae_the_louvre
D:2:      layout_rooms
D:3:      cheibrodos_fertilizer, layout_loops_ring,
          mainiacjoe_overflow_cross_hatched, dancing_weapons_uskayaw,
          dk_vineyard_1, uniq_terence, uniq_robin, uniq_grinder
D:4:      layout_basic, grunt_tough_drop, uniq_menkaure, uniq_edmund
D:5:      cheibrodos_quashed, layout_gridville
D:6:      layout_loops_ring, overflow_temple_1_default, vehumet_altar_wand_db,
          minmay_temple_entry_arrows, ebering_ghost_sewer_f, st_stairs_3,
          minmay_misc_feat_rows
D:7:      layout_gridville, grunt_dithmenos_shadows, enter_bailey_6
D:8:      layout_basic, nemelex_xobeh_ov_fountains_minmay,
          serial_co_window_serial, co_window_paths_b, co_window_paths_a,
          co_window_corner_a, co_window_of_opportunity_a, co_window_corner_a,
          co_window_paths_a, co_window_corner_a, co_window_of_opportunity_c,
          co_window_paths_c, co_window_broadway_b, co_window_corner_cb,
          co_window_cross_3, co_window_corner_b, co_window_4corner_b,
          glass_columns_a, glass_columns_a, glass_columns_c, glass_columns_c,
          glass_columns_a
D:9:      layout_rooms, xom_butterflies, dpeg_lair_monsters,
          minmay_strange_pillars, roderic_serpentine_path,
          hangedman_decor_peaks_small, st_stairs_4, bh_walls_and_bars

Skill      XL: |  1  2  3  4  5  6  7  8  9 10 |
---------------+-------------------------------+-----
Maces & Flails | 4 5 6 |  6.0
Fighting       | 4 5 7 9 11 13 | 13.7
Summonings     | 2 3 4 6 8 |  8.2
Dodging        | 4 |  4.0
Armour         | 2 |  2.0

Action                     |  1- 3 |  4- 6 |  7- 9 | 10-12 || total
---------------------------+-------+-------+-------+-------++-------
  Melee: Mace              |   107 |   129 |    10 |       ||   246
         Kick              |    23 |    41 |    70 |    30 ||   164
         Peck              |     7 |    23 |    59 |    19 ||   108
         Punch             |       |     3 |       |       ||     3
         Dire flail        |       |       |   198 |    93 ||   291
         Lajatang          |       |       |    19 |       ||    19
  Throw: Dart              |       |     1 |     2 |       ||     3
   Cast: Call Canine Famil |       |       |    16 |     7 ||    23
         Summon Blazeheart |       |       |       |     2 ||     2
 Invoke: Ancestor Life: He |       |     1 |       |       ||     1
         Recall Ancestor   |       |       |     1 |       ||     1
    Use: Potion            |       |     1 |     1 |       ||     2
         Scroll            |       |       |     7 |     5 ||    12
   Stab: Confused          |       |       |     5 |     1 ||     6
         Distracted        |       |       |     1 |     2 ||     3
 Armour: Robe              |    48 |       |       |       ||    48
         Ring mail         |     9 |    78 |   112 |    58 ||   257
  Dodge: Dodged            |    85 |    93 |   243 |   103 ||   524
